 Dungeon Crawl Stone Soup version 0.29.0-5-ge4962eb29e (webtiles) character file.

Game seed: 3831716021229815294

550 ProzacElf the Sneak (level 7, 0/45 HPs)
             Began as a Red Draconian Hedge Wizard on Aug 29, 2022.
             Was a Follower of Hepliaklqana.
             Succumbed to a water moccasin's poison
             ... on level 5 of the Dungeon.
             The game lasted 00:15:55 (4577 turns).

ProzacElf the Sneak (Red Draconian Hedge Wizard)    Turns: 4577, Time: 00:15:56

Health: 0/45       AC:  7    Str: 12    XL:     7   Next: 7%
Magic:  11/11      EV: 28    Int: 16    God:    Hepliaklqana [*.....]
Gold:   179        SH:  0    Dex: 11    Spells: 4/12 levels left

rFire   + . .      SeeInvis .   a - +0 spear (venom)
rCold   . . .      Faith    .   (no shield)
rNeg    . . .      Spirit   .   (body armour unavailable)
rPois   .          Reflect  .   f - +0 hat
rElec   .          Harm     .   v - +0 cloak
rCorr   .          Rampage  .   (no gloves)
Will    .....                   (no boots)
Stlth   +++.......              i - amulet of the acrobat
HPRegen 0.15/turn               (no ring)
MPRegen 0.12/turn               (no ring)

@: lethally poisoned (0 -> -18), short of breath, acrobatic
A: reduced essence, breathe fire, AC +6, unfitting armour, fire resistance 1,
cold-blooded
a: Breathe Fire, Renounce Religion, Recall Ancestor, Ancestor Identity


You were on level 5 of the Dungeon.
You worshipped Hepliaklqana.
Hepliaklqana was aware of your devotion.
You visited 2 branches of the dungeon, and saw 6 of its levels.

You collected 257 gold pieces.
You spent 78 gold pieces at shops.

Inventory:

Hand Weapons
 a - a +0 spear of venom (weapon)
 b - a +0 flail
 t - a +0 halberd
 u - a +0 long sword
 z - a +0 dagger
Missiles
 j - 5 boomerangs (quivered)
 s - 3 throwing nets
 x - 9 poisoned darts
Armour
 f - a +0 hat (worn)
 v - a +0 cloak (worn)
Jewellery
 i - an amulet of the acrobat (around neck)
Wands
 n - a wand of polymorph (22)
Scrolls
 d - a scroll of immolation {unknown}
 g - 2 scrolls of blinking {unknown}
 h - a scroll of enchant armour {unknown}
 l - 3 scrolls of teleportation
 q - a scroll of poison {unknown}
 r - 6 scrolls of identify
 w - 2 scrolls of brand weapon {unknown}
 y - a scroll of summoning {unknown}
Potions
 c - a potion of magic
 e - a potion of resistance {unknown}
 k - a potion of curing
 m - a potion of heal wounds {unknown}
 o - a potion of degeneration {unknown}
 p - a potion of might {unknown}


   Skills:
 + Level 4.4 Dodging
 + Level 4.5 Stealth
 - Level 3.0 Spellcasting
 - Level 3.0 Conjurations
 - Level 3.0 Summonings
 - Level 1.0 Translocations


You had 4 spell levels left.
You knew the following spells:

 Your Spells              Type           Power      Damage    Failure   Level
a - Magic Dart            Conj           48%        1d5       5%          1
b - Call Imp              Summ           12%        N/A       9%          2
c - Conjure Flame         Conj/Fire      7%         6-21      30%         3
o - Blink                 Tloc           10%        N/A       19%         2

Your spell library contained the following spells:

 Spells                   Type           Power      Damage    Failure   Level
 Beastly Appendage        Tmut           4%         N/A       19%         1
 Slow                     Hex            8%         N/A       19%         1
 Ensorcelled Hibernation  Hex/Ice        4%         N/A       28%         2
 Wereblood                Tmut           2%         N/A       28%         2
 Mephitic Cloud           Conj/Pois/Air  5%         N/A       36%         3
 Spider Form              Tmut/Pois      2%         N/A       50%         3
 Anguish                  Hex/Necr       1%         N/A       88%         4


Dungeon Overview and Level Annotations

Branches:
Dungeon (5/15)             Temple (1/1) D:4

Altars:
Cheibriados
Gozag
Hepliaklqana
Kikubaaqudgha
Nemelex Xobeh
Ru
Trog
Vehumet
Wu Jian
Yredelemnul
Zin
The Shining One

Shops:
D:3 ?   D:4 =


Innate Abilities, Weirdness & Mutations

Your life essence is reduced to manifest your ancestor. (-10% HP)
You can breathe blasts of fire.
Your fiery red scales are hard. (AC +6)
You cannot fit into any form of body armour.
Your flesh is heat resistant. (rF+)
You are cold-blooded and may be slowed by cold attacks.


Message History

Ye kill Edmund!
Tha water moccasin misses ye.
Trainin' target 3.0 fer Summonin's reached!
Yer Summonin's skill increases ta level 3!
Ye haf reached level 7!
Yer scales start takin' on a fiery red colour.
Ye learn Fire Magic much quicker.
Ye learn Ice Magic much slower.
Ye can breatha blasts o' fire.
Ye feel resistant ta heat.
Ye regain'd 3 hp, an' now haf 25/45 hp.
MP restored: 11 Aimin': Breatha Fire (5% risk o' failure)
Press: ? - help, Shift-Dir - straight line, f - water moccasin
Aim: a water moccasin (lightly wounded, 48% ta hit) Ye breatha a blast o' fire.
Tha fiery breath hits tha water moccasin!
Tha water moccasin be heavily wounded.
Tha fiery breath misses tha yak.
Tha water moccasin bites ye but does nay damage.
Tha water moccasin attacks as ye move away!
Tha water moccasin bites ye.
Ye be poison'd.
Tha water moccasin poisons ye!
Ye feel very sick.
Tha yak be 'ngulfed in blazin' flames.
Tha water moccasin completely misses ye.
Ye take 8 damage, an' haf 17/45 hp.
Tha water moccasin attacks as ye move away!
Tha water moccasin bites ye.
Ye be leth'lly poison'd!
Tha water moccasin poisons ye!
* * * LOW HITPOINT WARNIN'
* * * Ye feel very sick.
Ye take 9 damage, an' haf 8/45 hp.
Tha water moccasin attacks as ye move away!
Tha water moccasin completely misses ye.
* * * LOW HITPOINT WARNIN'
* * * Ye feel very sick.
Ye take 4 damage, an' haf 4/45 hp.
Ye die...

..... #.......)#.......
..... ###..#.......####
......##.....Y(.........
#.............>.........
#..........Y............
#.......................
####.#.##...S..............
....................>......
..........@................
..........†................
..........................(
#####.)###.....#....[.....
#÷)############.####..
######.>.## ## ##.
#...<..#).##### #.
#......##.<)..########## #.
#......######..........###.


You could see 2 yaks and a water moccasin.

Vanquished Creatures
  Edmund (D:5)
  A scorpion (D:4)
  A howler monkey (D:5)
  2 adders (D:3)
  6 gnolls
  An ufetubus (D:5)
  2 dart slugs (D:2)
  6 endoplasms
  5 giant cockroaches
  A goblin (D:3)
  6 hobgoblins
  2 jackals (D:1)
  6 kobolds
  2 quokkas
  4 ball pythons
  3 bats
  3 frilled lizards
  5 rats
57 creatures vanquished.

Vanquished Creatures (collateral kills)
  A bullfrog (D:3)
  A scorpion (D:5)
  Ijyb (D:2)
  3 gnolls
  An adder (D:2)
  A worm (D:4)
  An orc (D:5)
  2 giant cockroaches
  A hobgoblin (D:4)
  A quokka (D:5)
  A frilled lizard (D:3)
14 creatures vanquished.

Vanquished Creatures (others)
  2 ancestors
  6 fungi (D:3)
  3 plants (D:3)
11 creatures vanquished.

Grand Total: 82 creatures vanquished

Notes
Turn   | Place    | Note
-------+----------+-------------------------------------------
     0 | D:1      | ProzacElf the Draconian Hedge Wizard began the quest for
                  | the Orb.
     0 | D:1      | Reached XP level 1. HP: 14/14 MP: 4/4
   416 | D:1      | Reached XP level 2. HP: 19/20 MP: 1/6
   426 | D:1      | Learned a level 2 spell: Blink
   429 | D:1      | Learned a level 2 spell: Call Imp
  1515 | D:2      | Found a hazy altar of Hepliaklqana.
  1555 | D:2      | Became a worshipper of Hepliaklqana the Forgotten
  1620 | D:2      | Reached XP level 3. HP: 22/26 MP: 7/7
  2123 | D:3      | Noticed Ijyb
  2140 | D:2      | Killed Ijyb
  2292 | D:2      | Reached XP level 4. HP: 31/33 MP: 4/8
  2359 | D:3      | Learned a level 3 spell: Conjure Flame
  2530 | D:3      | Noticed a bullfrog
  2541 | D:3      | Killed a bullfrog
  2542 | D:3      | Reached XP level 5. HP: 27/38 MP: 3/9
  2715 | D:3      | Found a glowing golden altar of the Shining One.
  2812 | D:3      | Found a faded altar of an unknown god.
  2841 | D:3      | Found Roc Yph's Magic Scroll Shoppe.
  2873 | D:3      | Bought a scroll of teleportation for 39 gold pieces
  2873 | D:3      | Bought a scroll of noise for 13 gold pieces
  2873 | D:3      | Bought a scroll of identify for 26 gold pieces
  2928 | D:3      | Found a glowing silver altar of Zin.
  2954 | D:4      | Reached * piety under Hepliaklqana
  3421 | D:4      | Noticed Sigmund
  3435 | D:4      | Noticed Sigmund
  3435 | D:4      | Sigmund changed into Sigmund the frilled lizard
  3437 | D:4      | Killed Sigmund the frilled lizard
  3524 | D:4      | Found Giptute's Jewellery Emporium.
  3643 | D:4      | Reached XP level 6. HP: 40/40 MP: 10/10
  3983 | D:4      | Found a staircase to the Ecumenical Temple.
  3992 | Temple   | Entered the Ecumenical Temple
  4177 | D:5      | Entered Level 5 of the Dungeon
  4547 | D:5      | Noticed Edmund
  4549 | D:5      | Noticed a yak
  4549 | D:5      | Noticed a water moccasin
  4549 | D:5      | Noticed a yak
  4550 | D:5      | Noticed a yak
  4551 | D:5      | Noticed a yak
  4553 | D:5      | Noticed a yak
  4572 | D:5      | Killed Edmund
  4573 | D:5      | Your scales start taking on a fiery red colour.
  4573 | D:5      | Reached XP level 7. HP: 25/45 MP: 11/11
  4573 | D:5      | Gained mutation: Your flesh is heat resistant. (rF+) [Red
                  | Draconian growth]
  4577 | D:5      | Succumbed to a water moccasin's poison

Illustrated notes

Levels and vault maps discovered:
D:1:      amcnicky_arrival_blooded_trapdoor, layout_basic
D:2:      layout_basic, basic_altar
D:3:      layout_rooms, mainiacjoe_overflow_surrounded_room, zin_scriptorium,
          shapermc_ecumenical_altar_mp_urbaneastern, serial_shops,
          nicolae_shop_trees, uniq_ijyb
D:4:      layout_loops_ring, minmay_temple_entry_poolview, serial_shops,
          nicolae_shop_hallway_plus, minmay_quadrilaterals, uniq_sigmund
D:5:      layout_rooms, uniq_edmund
Temple:   zaba_magenta_temple

Skill      XL: |  1  2  3  4  5  6 |
---------------+-------------------+-----
Stealth        | 2 3 4 |  4.5
Dodging        | 2 3 4 |  4.4
Conjurations   | 2 3 |  3.0
Summonings     | 2 3 |  3.0
Spellcasting   | |  3.0
Translocations | |  1.0

Action                   |  1- 3 |  4- 6 |  7- 9 || total
-------------------------+-------+-------+-------++-------
Melee: Dagger            |    16 |       |       ||    16
       Tailslap          |     3 |    10 |       ||    13
       Flail             |    13 |    71 |       ||    84
       Unarmed           |     1 |       |       ||     1
       Punch             |       |     4 |       ||     4
       Spear             |       |    14 |       ||    14
 Cast: Magic Dart        |    65 |    28 |       ||    93
       Call Imp          |     2 |     6 |       ||     8
       Blink             |     1 |     1 |       ||     2
Invok: Ancestor Identity |       |     1 |       ||     1
 Abil: Breathe Fire      |       |       |     1 ||     1
Evoke: Wand              |       |     4 |       ||     4
  Use: Potion            |       |     1 |       ||     1
 Stab: Sleeping          |     3 |     8 |       ||    11
       Distracted        |       |     1 |       ||     1
Armor: Skin              |    15 |    33 |     1 ||    49
Dodge: Dodged            |    33 |    58 |     2 ||    93
